 Dungeon Crawl Stone Soup version 0.30-a0-234-g97d66968fd (webtiles) character file.

Game seed: 14706529401333421059

223068 Morbidden the Thaumaturge (level 19, -10/95 HPs)
             Began as a Vine Stalker Conjurer on Oct 10, 2022.
             Was the Champion of Cheibriados.
             Mangled by Donald
             ... wielding a +2 vampiric long sword
              (16 damage)
             ... on level 1 of the Shoals.
             The game lasted 01:13:58 (32511 turns).

Morbidden the Thaumaturge (Vine Stalker Conjurer)  Turns: 32511, Time: 01:13:59

Health: -10/95     AC: 28    Str: 29    XL:     19   Next: 65%
Magic:  0/46       EV:  8    Int: 39    God:    Cheibriados [******]
Gold:   285        SH: 20    Dex: 30    Spells: 18/45 levels left

rFire   + . .      SeeInvis +    a - +6 shillelagh "Devastator" {shatter}
rCold   + . .      Faith    .    Q - +1 tower shield {rPois}
rNeg    . . .      Spirit   +    J - +2 gold dragon scales
rPois   +          Reflect  .    N - +2 helmet {SInv}
rElec   .          Harm     .    p - +2 cloak
rCorr   .          Rampage  .    v - +2 pair of gloves
Will    ++...      Clarity  +    Z - +0 pair of boots "Zeomiuny" {Str+4}
Stlth   ..........               t - amulet of regeneration
HPRegen 1.95/turn                x - ring of magical power
MPRegen 0.30/turn                Y - +4 ring of slaying

@: very slow
A: fangs 3, regeneration 1, magic shield, antimagic bite, no potion heal 2,
hooves 1, clarity
a: Renounce Religion, Bend Time, Temporal Distortion, Slouch, Step From Time


You were on level 1 of the Shoals.
You worshipped Cheibriados.
Cheibriados was exalted by your worship.
You visited 6 branches of the dungeon, and saw 28 of its levels.
You also visited: Sewer, Ossuary and Ice Cave.

You collected 3378 gold pieces.
You spent 3093 gold pieces at shops.

Inventory:

Hand Weapons
 a - the +6 shillelagh "Devastator" (weapon) {shatter}
   (You bought it in a shop on level 3 of the Snake Pit)

   It releases a powerful concussive burst when it strikes, dealing extra damage
   to the target and all other foes adjacent to them.
 b - a +4 short sword of venom
 s - a +2 long sword of holy wrath
 S - a +4 scimitar of freezing
Missiles
 h - 13 curare-tipped darts
 C - 53 poisoned darts
 H - 9 boomerangs (quivered)
 I - 2 throwing nets
Armour
 p - a +2 cloak (worn)
 v - a +2 pair of gloves (worn)
 J - +2 gold dragon scales (worn)
 N - a +2 helmet of see invisible (worn)
 Q - a +1 tower shield of poison resistance (worn)
 R - a +2 buckler of cold resistance
 T - a +4 troll leather armour
 Z - the +0 pair of boots "Zeomiuny" (worn) {Str+4}
   (You found it on level 11 of the Dungeon)

   Str:       It affects your strength (+4).
Jewellery
 t - an amulet of regeneration (around neck)
 x - a ring of magical power (left hand)
 F - a ring of fire
 O - the ring "Yruheaseceu" {Contam rPois rC- rN+ Int+4 SInv}
   (You found it on level 7 of the Dungeon)

   [ring of see invisible]

   Int:       It affects your intelligence (+4).
   rC:        It makes you vulnerable to cold.
   rPois:     It protects you from poison.
   rN:        It protects you from negative energy.
   SInv:      It lets you see invisible.
   Contam:    It causes magical contamination when unequipped.
 Y - a +4 ring of slaying (right hand)
Wands
 r - a wand of acid (11)
 y - a wand of roots (20)
 K - a wand of paralysis (44)
 M - a wand of mindburst (9)
 W - a wand of flame (29)
Scrolls
 f - a scroll of brand weapon
 i - 6 scrolls of butterflies
 j - a scroll of magic mapping
 k - 11 scrolls of teleportation
 m - 2 scrolls of silence
 o - 22 scrolls of identify
 D - 4 scrolls of enchant weapon
 G - a scroll of blinking
 L - 3 scrolls of fear
 V - 3 scrolls of amnesia
Potions
 c - 8 potions of heal wounds
 d - a potion of berserk rage
 e - 19 potions of curing
 l - 8 potions of mutation
 n - 10 potions of flight
 q - 6 potions of attraction
 u - 4 potions of might
 w - 8 potions of degeneration
 z - 4 potions of resistance
 A - 4 potions of ambrosia
 B - 5 potions of haste
 E - 6 potions of lignification {unknown}
 P - 3 potions of cancellation {unknown}
 X - a potion of brilliance {unknown}
Miscellaneous
 g - a box of beasts


   Skills:
 * Level 8.3 Fighting
 + Level 9.0(10.0) Short Blades
 + Level 6.8(9.0) Long Blades
 * Level 2.7 Maces & Flails
 + Level 1.3 Throwing
 * Level 6.3 Armour
 * Level 8.6 Dodging
 + Level 7.1 Stealth
 * Level 6.8 Shields
 + Level 1.2 Unarmed Combat
 * Level 13.8 Spellcasting
 * Level 11.5 Conjurations
 * Level 8.2 Translocations
 * Level 7.9 Transmutations
 * Level 3.2 Ice Magic
 * Level 3.9 Air Magic
 * Level 5.6 Earth Magic
 + Level 5.3 Poison Magic
 * Level 8.1 Invocations
 * Level 8.3 Evocations


You had 18 spell levels left.
You knew the following spells:

 Your Spells              Type           Power      Damage    Failure   Level
a - Magic Dart            Conj           100%       1d8       3%          1
b - Freezing Cloud        Conj/Ice/Air   33%        6-21      100%        5
c - Olgreb's Toxic Radia  Pois           62%        N/A       99%         4
e - Searing Ray           Conj           100%       2d8       6%          2
s - Statue Form           Tmut/Erth      46%        N/A       100%        6
x - Irradiate             Conj/Tmut      40%        3d25      92%         5
z - Iskenderun's Mystic   Conj/Tloc      81%        2d16      58%         4

Your spell library contained the following spells:

 Spells                   Type           Power      Damage    Failure   Level
 Sting                    Tmut/Pois      100%       1d8       28%         1
 Poisonous Vapours        Pois/Air       100%       N/A       69%         2
 Dazzling Flash           Conj/Hex       100%       N/A       77%         3
 Passage of Golubria      Tloc           74%        N/A       83%         4
 Ignite Poison            Fire/Tmut/Pois 57%        N/A       91%         3
 Kindle Blastsparks       Fire/Tloc/Air  100%       2d18      94%         3
 Petrify                  Tmut/Erth      69%        N/A       95%         4
 Ensorcelled Hibernation  Hex/Ice        78%        N/A       98%         2
 Ozocubu's Armour         Ice            51%        N/A       98%         3
 Fulminant Prism          Conj/Hex       32%        3d16      99%         4
 Sticky Flame             Conj/Fire      64%        2d8       99%         4
 Blade Hands              Tmut           36%        N/A       99%         5
 Sublimation of Blood     Necr           26%        N/A       100%        2
 Tukima's Dance           Hex            26%        N/A       100%        3
 Vampiric Draining        Necr           26%        2d7       100%        3
 Animate Armour           Summ/Erth      98%        N/A       100%        4
 Leda's Liquefaction      Hex/Erth       24%        N/A       100%        4
 Borgnjor's Vile Clutch   Necr/Erth      24%        N/A       100%        5
 Silence                  Hex/Air        21%        N/A       100%        5
 Summon Forest            Summ/Tloc      28%        N/A       100%        5
 Yara's Violent Unravell  Hex/Tmut       27%        3d12      100%        5
 Death Channel            Necr           13%        N/A       100%        6
 Eringya's Noxious Bog    Tmut/Pois      34%        N/A       100%        6
 Iron Shot                Conj/Erth      38%        9d8       100%        6
 Simulacrum               Ice/Necr       19%        N/A       100%        6
 Starburst                Conj/Fire      32%        6d10      100%        6
 Ozocubu's Refrigeration  Ice            25%        4d13      100%        7
 Summon Hydra             Summ           13%        N/A       100%        7
 Ignition                 Fire           13%        3d6       100%        8
 Lehudib's Crystal Spear  Conj/Erth      38%        10d9      100%        8
 Death's Door             Necr           13%        N/A       100%        9
 Polar Vortex             Ice            25%        N/A       100%        9
 Shatter                  Erth           31%        3d26*     100%        9


Dungeon Overview and Level Annotations

Branches:
Dungeon (15/15)            Temple (1/1) D:7            Lair (5/5) D:8
 Shoals (1/4) Lair:2        Snake (4/4) Lair:3        Slime (0/5) Lair:4
    Orc (2/2) D:12            Elf (0/3) Orc:2        Vaults (0/5) D:13
 Depths (0/4) D:15          Sewer (visited)         Ossuary (visited)
  IceCv (visited)

Altars:
Ashenzari
Cheibriados
Dithmenos
Elyvilon
Gozag
Hepliaklqana
Kikubaaqudgha
Makhleb
Nemelex Xobeh
Okawaru
Qazlal
Ru
Sif Muna
Trog
Vehumet
Wu Jian
Xom
Yredelemnul
Zin
The Shining One
Jiyva

Shops:
D:7 (   D:10 :   Orc:2 [*(!?   Snake:2 [   Snake:3 **

Annotations:
D:3 1 runed translucent door, Crazy Yiuf
D:15 Roxanne
Lair:3 exclusion: oklob plant
Lair:4 1 runed translucent door
Shoals:1 Donald


Innate Abilities, Weirdness & Mutations

You have razor-sharp teeth.
Your natural rate of healing is unusually fast.
When hurt, damage is shared between your health and your magic reserves.
Your bite disrupts and absorbs the magic of your enemies.
Potions cannot restore your health.
You have large cloven feet.
You possess an exceptional clarity of mind.


Message History

Donald blocks your attack. x2
Donald is moderately wounded.
Donald hits you but does no damage.
Donald hits you with a +2 vampiric long sword!
Unknown command.
Your unstable footing causes you to fumble your attack.
Donald says, "Slow down!"
You block Donald's attack. x2
Unknown command.
Your unstable footing causes you to fumble your attack.
Donald says, "These tides are fast.
That can't be natural!"
You block Donald's attack.
Donald hits you with a +2 vampiric long sword!!
Donald draws strength from your wounds!
Donald hits you with a +2 vampiric long sword.
Unknown command.
You are too injured to fight recklessly!
Your unstable footing causes you to fumble your attack.
Donald says, "How about we settle this with a race?"
You block Donald's attack. x2
Unknown command.
Your unstable footing causes you to fumble your attack.
Donald says, "The sirens are starting to hurt my ears."
Donald hits you with a +2 vampiric long sword!!
* * * LOW HITPOINT WARNING * * *
You block Donald's attack.
Unknown command.
Unknown command.
Unknown command.
Casting: Irradiate (quite dangerous; 92% risk of failure)
Confirm with . or Enter, or press ? or * to list all spells.
Okay, then.
Unknown command.
As you read the scroll of fear, it crumbles to dust.
You assume a fearsome visage.
Donald resists with some effort.
Donald says, "I wish these tides would just make up their mind.
In and out, in and out..."
Donald hits you with a +2 vampiric long sword!!
* * * LOW HITPOINT WARNING * * *
Donald hits you with a +2 vampiric long sword!!
You die...

.~~~~ #.~~~~~~~~~≈ .~~PP
###.~~~~...~~≈≈≈≈
..~~.###...~~~~.##~~≈≈≈~
...~~~~~~..~~~~.#.~~≈≈~~
...~~~~~~~~~~~~~..~~~~~~
#.~~~~~~~~~~~~~~~.~~~~~~
#...~~~~~~~.~~~~~~~~~.~.
#....<.~~[..~~~~~@~~~...
.##..##.......?~@)~~~~..
#...#......##.~~?~~~~.#
...~..~~...###.~~~.~~~.#
..~~~~~.~~~~..~~~~~~~~.#
~~~~~~~~~~~~~....~~~~~.#
~~≈≈~~~~~~P.......~~~~..
≈≈≈~~ ~~~........~~~~~.~
.P...##..~~~~~~


You could see Donald (fast, strong, reflecting).

Vanquished Creatures
  Jorgrun (Snake:2)
  A lich (IceCv)
  Gastronok (D:12)
  3 nagarajas
  Louise (Snake:2)
  An eleionoma (shapeshifter) (D:15)
  Fannar (D:10)
  A rakshasa (D:15)
  An ogre mage (D:15)
  A caustic shrike simulacrum (IceCv)
  7 hydras
  3 salamander tyrants
  9 two-headed ogres
  8 anacondas
  3 centaur warriors
  3 boulder beetles
  14 naga warriors
  6 death yaks
  A tengu warrior (D:14)
  14 naga sharpshooters
  3 orc high priests (Orc:2)
  10 shock serpents
  A deep elf knight (D:13)
  2 salamander mystics (Snake:4)
  A sea snake (Snake:1)
  A glowing orange brain (D:15)
  10 naga ritualists
  A spriggan simulacrum (IceCv)
  A deep elf archer (D:13)
  A harpy (shapeshifter) (D:15)
  3 bog bodies (IceCv)
  7 orc knights
  19 mana vipers
  An obsidian statue (IceCv)
  3 orc sorcerers (Orc:2)
  3 deep elf pyromancers (D:14)
  2 necromancers
  12 salamanders
  15 ugly things
  2 wolf spiders
  6 cyclopes
  3 manticores
  9 naga magi
  51 black mambas
  11 elephants
  2 guardian serpents
  16 cane toads
  A torpor snail (Lair:4)
  An unseen horror (D:10)
  Psyche (D:8)
  6 rime drakes
  A gargoyle (D:12)
  5 komodo dragons
  17 freezing wraiths (IceCv)
  A kobold demonologist (D:10)
  4 golden dragon simulacra (IceCv)
  4 anaconda simulacra (IceCv)
  3 meliai (D:14)
  4 polar bears
  3 hornets
  6 trolls
  10 blink frogs
  A blink frog (shapeshifter) (D:14)
  A merfolk (Shoals:1)
  4 dream sheep (Lair:4)
  A snapping turtle (Lair:2)
  12 slime creatures
  A centaur simulacrum (D:14)
  2 wraiths
  10 wyverns
  2 water elementals
  A shadow (D:9)
  68 yaks
  2 vampires
  3 dire elephant simulacra (IceCv)
  2 redbacks (Lair:5)
  5 basilisks
  3 steam dragons
  11 vampire mosquitoes
  41 nagas
  A redback simulacrum (D:14)
  3 minotaur simulacra (IceCv)
  6 wargs
  A hydra simulacrum (IceCv)
  2 acid dragons
  23 water moccasins
  3 harpy simulacra (IceCv)
  A water moccasin (shapeshifter) (D:15)
  14 orc warriors
  A black bear (Lair:1)
  An ice beast (D:7)
  An ettin simulacrum (IceCv)
  A meliai simulacrum (D:15)
  4 sky beasts
  An alligator simulacrum (IceCv)
  2 wolves (D:14)
  3 ogres
  10 centaurs
  A phantom (D:6)
  3 necrophages
  5 kobold brigands
  18 bullfrogs
  A gnoll sergeant (D:9)
  4 scorpions
  2 deep troll simulacra (IceCv)
  11 wights
  A hornet simulacrum (D:14)
  7 killer bees
  4 lindwurm simulacra (IceCv)
  3 electric eels
  A jelly (D:6)
  19 orc priests
  2 hounds
  7 iguanas
  27 orc wizards
  A merfolk siren (Sewer)
  A merfolk avatar (Sewer)
  A boggart simulacrum (D:14)
  8 mummies (Ossuary)
  14 gnolls
  5 adders
  2 river rats (Sewer)
  6 white imps
  4 ufetubi
  A worm (D:5)
  2 dart slugs
  73 orcs
  4 bats
  5 endoplasms
  10 giant cockroaches
  13 goblins
  5 hobgoblins
  33 kobolds
  8 quokkas
  13 ball pythons
  8 frilled lizards
  2 hobgoblin zombies (Ossuary)
  2 kobold zombies (Ossuary)
  4 orc zombies (Ossuary)
  23 rats
955 creatures vanquished.

Vanquished Creatures (collateral kills)
  A nagaraja (Snake:3)
  A naga warrior (Snake:4)
  2 naga sharpshooters (Snake:3)
  A salamander mystic (Snake:4)
  2 salamanders
  A black mamba (Snake:4)
  A naga mage (Snake:3)
  3 nagas
12 creatures vanquished.

Vanquished Creatures (others)
  A centaur (D:13)
  63 fungi
  140 plants
204 creatures vanquished.

Grand Total: 1171 creatures vanquished

Notes
Turn   | Place    | Note
-------+----------+-------------------------------------------
     0 | D:1      | Morbidden the Vine Stalker Conjurer began the quest for the
                  | Orb.
     0 | D:1      | Reached XP level 1. HP: 9/9 MP: 4/4
    96 | D:1      | Reached XP level 2. HP: 10/13 MP: 4/6
   421 | D:1      | Learned a level 2 spell: Searing Ray
   941 | D:1      | Reached XP level 3. HP: 16/16 MP: 4/7
  2400 | D:3      | Gained mutation: Your natural rate of healing is unusually
                  | fast. [Vine Stalker growth]
  2400 | D:3      | Reached XP level 4. HP: 21/21 MP: 0/8
  2721 | D:3      | HP: 1/21 [something/puff of flame (2)]
  2882 | D:3      | Reached skill level 1 in Fighting
  2893 | D:3      | Reached skill level 5 in Conjurations
  2893 | D:3      | Reached XP level 5. HP: 25/25 MP: 10/10
  3110 | D:3      | Found a runed translucent door.
  3111 | D:3      | Noticed Crazy Yiuf
  3650 | D:4      | Reached skill level 3 in Spellcasting
  4300 | D:5      | Entered Level 5 of the Dungeon
  4347 | D:5      | Noticed a water moccasin
  4356 | D:5      | Killed a water moccasin
  4357 | D:5      | Reached skill level 1 in Unarmed Combat
  4357 | D:5      | Reached skill level 1 in Evocations
  4357 | D:5      | Reached XP level 6. HP: 30/30 MP: 0/12
  4580 | D:5      | Found an ancient bone altar of Kikubaaqudgha.
  4696 | D:5      | Noticed a water moccasin
  4706 | D:5      | Reached skill level 1 in Short Blades
  4709 | D:5      | Killed a water moccasin
  4710 | D:5      | Reached skill level 4 in Spellcasting
  4710 | D:5      | Reached XP level 7. HP: 26/33 MP: 3/14
  4892 | D:5      | Noticed a yak
  4892 | D:5      | Noticed a yak
  4892 | D:5      | Noticed a yak
  4894 | D:5      | Noticed a yak
  4900 | D:5      | Noticed a yak
  4902 | D:5      | Noticed a yak
  4907 | D:5      | Killed a yak
  5346 | D:5      | Killed a yak
  5347 | D:5      | Reached skill level 5 in Spellcasting
  5347 | D:5      | Gained mutation: You have razor-sharp teeth. [Vine Stalker
                  | growth]
  5347 | D:5      | Reached XP level 8. HP: 39/39 MP: 10/16
  5351 | D:5      | Killed a yak
  5351 | D:5      | Killed a yak
  5353 | D:5      | Killed a yak
  5355 | D:5      | Killed a yak
  5624 | D:5      | Found an iron altar of Okawaru.
  5771 | D:6      | Reached skill level 6 in Spellcasting
  5785 | D:6      | Reached XP level 9. HP: 43/43 MP: 17/19
  5834 | D:6      | Found a broken altar of Ashenzari.
  5955 | D:6      | Found a glowing drain.
  5978 | Sewer    | Entered a sewer
  6018 | Sewer    | Learned a level 4 spell: Iskenderun's Mystic Blast
  6808 | D:6      | Reached skill level 1 in Translocations
  7858 | D:7      | Reached skill level 7 in Spellcasting
  8030 | D:7      | Found a shimmering blue altar of Sif Muna.
  8045 | D:7      | Found Hanaukku's Weapon Boutique.
  8090 | D:7      | Identified the ring "Yruheaseceu" {Contam rPois rC- rN+
                  | Int+4 SInv}
  8228 | D:7      | Found a white marble altar of Elyvilon.
  8416 | D:7      | Found a staircase to the Ecumenical Temple.
  8448 | Temple   | Entered the Ecumenical Temple
  8562 | Temple   | Became a worshipper of Cheibriados the Contemplative
  8580 | D:7      | Learned a level 5 spell: Irradiate
  8765 | D:8      | Found a basalt altar of Yredelemnul.
  8795 | D:8      | Reached XP level 10. HP: 49/49 MP: 9/22
  8819 | D:8      | Reached skill level 5 in Dodging
  8867 | D:8      | Found a sand-covered staircase.
  8871 | Ossuary  | Entered an ossuary
  8889 | Ossuary  | Reached * piety under Cheibriados
  9398 | D:8      | Reached skill level 1 in Transmutations
  9464 | D:8      | Noticed Psyche
  9552 | D:8      | Killed Psyche
  9619 | D:8      | Found a staircase to the Lair.
  9752 | D:8      | Reached ** piety under Cheibriados
 10147 | D:9      | Noticed a two-headed ogre
 10159 | D:9      | Killed a two-headed ogre
 10160 | D:9      | Reached skill level 8 in Spellcasting
 10160 | D:9      | Reached skill level 1 in Invocations
 10526 | D:9      | Reached *** piety under Cheibriados
 10789 | D:9      | Reached XP level 11. HP: 51/54 MP: 13/24
 10819 | D:9      | Identified a scroll of acquirement
 10819 | D:9      | Acquired 640 gold pieces
 10931 | D:9      | Reached skill level 5 in Stealth
 11653 | D:10     | Entered Level 10 of the Dungeon
 11661 | D:10     | Reached **** piety under Cheibriados
 11692 | D:10     | Noticed a boulder beetle
 11709 | D:10     | Killed a boulder beetle
 11892 | D:10     | Reached skill level 1 in Long Blades
 12012 | D:10     | Noticed Fannar
 12030 | D:10     | Killed Fannar
 12274 | D:10     | Found Ynedate's Self-Improvement Boutique.
 12458 | D:10     | Reached skill level 1 in Armour
 12586 | Lair:1   | Entered Level 1 of the Lair of Beasts
 12592 | Lair:1   | Reached skill level 5 in Short Blades
 12929 | Lair:1   | Reached skill level 5 in Evocations
 12929 | Lair:1   | Reached XP level 12. HP: 59/59 MP: 25/25
 13004 | Lair:1   | Reached ***** piety under Cheibriados
 13069 | Lair:1   | Learned a level 4 spell: Olgreb's Toxic Radiance
 13174 | Lair:1   | Reached skill level 1 in Poison Magic
 13628 | Lair:2   | Reached skill level 5 in Fighting
 13632 | Lair:2   | Reached skill level 9 in Spellcasting
 13802 | Lair:2   | Found a staircase to the Shoals.
 14172 | Lair:3   | Found a staircase to the Snake Pit.
 14333 | Lair:3   | Noticed a five-headed hydra
 14342 | Lair:3   | Killed a five-headed hydra
 14586 | Lair:3   | Noticed a four-headed hydra
 14593 | Lair:3   | Killed a four-headed hydra
 14696 | Lair:3   | Reached XP level 13. HP: 64/64 MP: 14/27
 14796 | Lair:3   | Reached skill level 5 in Translocations
 14878 | Lair:3   | Reached ****** piety under Cheibriados
 14987 | Lair:3   | Reached skill level 5 in Transmutations
 15184 | Lair:3   | Found the +1 robe of Vines {NoPotionHeal Regen++++}
 15558 | Lair:4   | Reached skill level 1 in Shields
 15602 | Lair:4   | Reached skill level 5 in Invocations
 15614 | Lair:4   | Reached skill level 10 in Conjurations
 15735 | Lair:4   | Found a runed translucent door.
 16114 | Lair:4   | Found a viscous altar of Jiyva.
 16115 | Lair:4   | Noticed an acid blob
 16116 | Lair:4   | Noticed an acid blob
 16117 | Lair:4   | Found a staircase to the Slime Pits.
 16270 | Lair:5   | Entered Level 5 of the Lair of Beasts
 16593 | Lair:5   | Reached skill level 10 in Spellcasting
 16593 | Lair:5   | Reached XP level 14. HP: 67/70 MP: 21/29
 16637 | Lair:5   | Got the Incunable of Geology and Shapeshifting
 18063 | D:11     | Identified the +0 pair of boots "Zeomiuny" {Str+4}
 18650 | D:12     | Found a staircase to the Orcish Mines.
 18969 | D:12     | Found a glowing silver altar of Zin.
 19157 | D:12     | Noticed Gastronok
 19172 | D:12     | Killed Gastronok
 19422 | D:12     | Learned a level 6 spell: Statue Form
 19456 | Orc:1    | Entered Level 1 of the Orcish Mines
 19826 | D:13     | Reached skill level 1 in Throwing
 19834 | D:13     | Reached skill level 1 in Earth Magic
 20114 | D:13     | Reached skill level 5 in Poison Magic
 20183 | D:13     | Found a gate to the Vaults.
 20806 | D:14     | Reached XP level 15. HP: 68/74 MP: 25/30
 20960 | D:14     | Reached skill level 5 in Long Blades
 21129 | D:14     | Found a sparkling altar of Nemelex Xobeh.
 21460 | D:15     | Entered Level 15 of the Dungeon
 21827 | D:15     | Reached skill level 11 in Spellcasting
 21836 | D:15     | Noticed Roxanne
 22233 | D:15     | Noticed a fire giant
 22239 | D:15     | a fire giant changed into an eleionoma
 22377 | D:15     | Found a staircase to the Depths.
 23161 | Orc:2    | Entered Level 2 of the Orcish Mines
 23384 | Orc:2    | Found Juntae's Armour Boutique.
 23387 | Orc:2    | Bought a +1 helmet of see invisible for 247 gold pieces
 23655 | Orc:2    | Found a staircase to the Elven Halls.
 23688 | Orc:2    | Reached skill level 12 in Spellcasting
 23688 | Orc:2    | Reached XP level 16. HP: 80/80 MP: 31/33
 23689 | Orc:2    | Reached XP level 17. HP: 84/84 MP: 32/34
 23848 | Orc:2    | Found Usenofie's General Store.
 23848 | Orc:2    | Found Aptez's Magic Scroll Shoppe.
 23850 | Orc:2    | Found Idoing's Weapon Shop.
 23850 | Orc:2    | Found Zahao's Distillery.
 23860 | Orc:2    | Bought a potion of might for 52 gold pieces
 23860 | Orc:2    | Bought a potion of berserk rage for 65 gold pieces
 23860 | Orc:2    | Bought a potion of might for 52 gold pieces
 23862 | Orc:2    | Bought a scroll of teleportation for 33 gold pieces
 23862 | Orc:2    | Bought a scroll of summoning for 104 gold pieces
 24070 | Orc:2    | Bought a ring of magical power for 280 gold pieces
 24339 | Snake:1  | Entered Level 1 of the Snake Pit
 24346 | Snake:1  | Learned a level 5 spell: Freezing Cloud
 24354 | Snake:1  | Reached XP level 18. HP: 80/88 MP: 35/35
 24360 | Snake:1  | Reached skill level 5 in Shields
 24390 | Snake:1  | Reached skill level 5 in Armour
 24618 | Snake:1  | Found a glowing golden altar of the Shining One.
 24999 | Snake:1  | Reached skill level 1 in Air Magic
 25402 | Snake:1  | Reached skill level 13 in Spellcasting
 26616 | Snake:2  | Noticed Jorgrun
 26627 | Snake:2  | Killed Jorgrun
 27233 | Snake:2  | Reached skill level 1 in Ice Magic
 27384 | Snake:2  | Noticed Louise
 27392 | Snake:2  | Killed Louise
 27726 | Snake:2  | Found a stormy altar of Qazlal.
 28154 | Snake:2  | Found Tarhunz's Dragon-Slaying Spoils.
 28381 | Snake:2  | Got Sif Muna's Dissertation on Grit and Air
 29977 | Snake:3  | Reached skill level 5 in Earth Magic
 30086 | Snake:3  | Found Paopap's Mayhem Merchandise.
 30112 | Snake:3  | Bought the +6 shillelagh "Devastator" {shatter} for 660
                  | gold pieces
 30112 | Snake:3  | Found the +6 shillelagh "Devastator" {shatter}
 30233 | Snake:3  | Reached XP level 19. HP: 47/93 MP: 8/37
 30683 | Snake:3  | Found Pasmoega's Assorted Antiques.
 30695 | Snake:3  | Reached skill level 1 in Maces & Flails
 30871 | Snake:4  | Entered Level 4 of the Snake Pit
 30967 | Snake:4  | Gained mutation: You are occasionally teleported next to
                  | monsters. [mutagenic glow]
 31029 | Snake:4  | Lost mutation: You are occasionally teleported next to
                  | monsters. [potion of mutation]
 31029 | Snake:4  | Gained mutation: You have large cloven feet. [potion of
                  | mutation]
 31029 | Snake:4  | Gained mutation: Your magical capacity is low. (-10% MP)
                  | [potion of mutation]
 31029 | Snake:4  | Gained mutation: You expend magic power (3 MP) to
                  | strengthen your wands. [potion of mutation]
 31030 | Snake:4  | Lost mutation: Your magical capacity is low. (-10% MP)
                  | [potion of mutation]
 31030 | Snake:4  | Lost mutation: You have large cloven feet. [potion of
                  | mutation]
 31030 | Snake:4  | Lost mutation: You expend magic power (3 MP) to strengthen
                  | your wands. [potion of mutation]
 31030 | Snake:4  | Gained mutation: You possess an exceptional clarity of
                  | mind. [potion of mutation]
 31030 | Snake:4  | Gained mutation: You have large cloven feet. [potion of
                  | mutation]
 31056 | Snake:4  | Found a frozen archway.
 31073 | IceCv    | Entered an ice cave
 31827 | IceCv    | Found an ancient bone altar of Kikubaaqudgha.
 32130 | IceCv    | Got the Catalogue of the Winter and Stolen Souls
 32372 | Snake:2  | Bought +0 gold dragon scales for 1600 gold pieces
 32473 | Shoals:1 | Entered Level 1 of the Shoals
 32495 | Shoals:1 | Noticed Donald
 32511 | Shoals:1 | Mangled by Donald

Illustrated notes

Levels and vault maps discovered:
D:1:      dpeg_arrival_ternary, layout_loops_ring, minmay_misc_feat_x,
          chequers_serial_rivers_large_b, st_stairs_4
D:2:      layout_basic, serial_glass, glass_columns_b, glass_columns_a,
          hangedman_decor_opposing
D:3:      layout_rooms, dreamdust_princess_bridge, nrook_loot_triangle,
          corexii_corridor_pit, hex_large, uniq_crazy_yiuf_cottage
D:4:      layout_basic
D:5:      layout_loops_ring, lemuel_doored_altar, okawaru_trees_1
D:6:      layout_basic, nicolae_ashenzari_panopticon, serial_rivers,
          chequers_serial_rivers_small_a, chequers_serial_rivers_micro_e,
          chequers_serial_rivers_micro_a, chequers_serial_rivers_micro_d,
          chequers_serial_rivers_micro_a, gup_sewer_entry_pipe,
          minmay_crystal_water, nicolae_concentric_dashed_squares_wild,
          st_stairs_10, minmay_door_square, kennysheep_small_square
D:7:      layout_rooms, kennysheep_little_box, nicolae_elyvilon_peaceful_grove,
          minmay_temple_entry_ruins, serial_shops, nicolae_shop_stone,
          minmay_misc_feat_room
D:8:      layout_loops_ring, lemuel_round_altar, due_lair_maze_entry_diamond,
          enter_ossuary_5, uniq_psyche
D:9:      layout_gridville, hangedman_abyss_or_decor_clamps
D:10:     layout_long_grid, nicolae_shop_self_help, uniq_fannar
D:11:     layout_basic, minmay_misc_feat_tower
D:12:     layout_irregular_city, erik_orc_3, zin_statuary, uniq_gastronok
D:13:     layout_irregular_city, david_vaults_1, beargit_elvish_explorers
D:14:     layout_small_grid, serial_ice, serial_ice_a, serial_ice_d,
          serial_ice_i, serial_ice_n, nemelex_diamond_rough_becter
D:15:     gammafunk_enter_depths_forms, layout_small_grid,
          minmay_misc_feat_ornament, evilmike_butchery, uniq_roxanne
Temple:   eino_temple_scatter_basement
Lair:1:   layout_regular_city, grunt_megastairs_1
Lair:2:   layout_big_grid, minmay_shoals_entry_hut
Lair:3:   layout_loops_ring, guppyfry_snake_entry_garden,
          hellmonk_guarded_unrand_vines
Lair:4:   layout_long_grid, slime_entry_2, lemuel_fruit_fields
Lair:5:   guppyfry_lair_end_dragon, layout_cave_shapes,
          hangedman_lair_tendril_chambers, st_stairs_8,
          nicolae_quartered_pool_medium, serial_bayou_shore_b
Shoals:1: layout_shoals, nicolae_shoals_spring_well_temple, uniq_donald
Snake:1:  layout_grid_maze, basic_altar, serial_bayou_shore_a
Snake:2:  layout_chambers, basic_altar, nicolae_shop_dragon_depot,
          nicolae_snake_shapes, uniq_jorgrun, uniq_louise
Snake:3:  layout_rooms, serial_shops, nicolae_shop_crystal, minmay_shop_mayhem,
          drop_trap
Snake:4:  hellmonk_snake_rune_quicksilver_temple, layout_cave_town,
          portal_ice_cave_entry_pillars_four, ebering_ghost_disaster_area,
          hangedman_corner_corridor
Orc:1:    layout_diamond_mine, serial_shops, nicolae_shop_waterfront
Orc:2:    grunt_orc_tribal_feast, layout_diamond_mine, serial_shops,
          nicolae_shop_window_shopping

Skill      XL: |  1  2  3  4  5  6  7  8  9 10 11 12 13 14 15 16 17 18 19 |
---------------+----------------------------------------------------------+-----
Dodging        | 2 3 4 5 6 7 8 |  8.6
Fighting       | 1 2 3 4 5 6 7 8 |  8.3
Conjurations   | 5 6 7 8 9 10 11 | 11.5
Stealth        | 3 4 5 6 7 |  7.1
Spellcasting   | 3 4 5 6 7 8 9 10 12 13 | 13.8
Unarmed Combat | 1 |  1.2
Evocations     | 1 2 3 4 5 6 7 8 |  8.3
Short Blades   | 1 2 3 4 5 6 7 8 9 |  9.0
Translocations | 2 3 4 5 6 7 8 |  8.2
Transmutations | 2 3 4 5 6 7 |  7.9
Invocations    | 1 2 4 5 6 7 8 |  8.1
Long Blades    | 2 3 4 5 6 |  6.8
Armour         | 1 2 3 4 5 6 |  6.3
Poison Magic   | 3 4 5 |  5.3
Shields        | 2 3 4 5 6 |  6.8
Throwing       | 1 |  1.3
Earth Magic    | 1 3 5 |  5.6
Air Magic      | 3 |  3.9
Ice Magic      | 1 3 |  3.2
Maces & Flails | 2 |  2.7

Action                   |  1- 3 |  4- 6 |  7- 9 | 10-12 | 13-15 | 16-18 | 19-21 || total
-------------------------+-------+-------+-------+-------+-------+-------+-------++-------
Melee: Unarmed           |    10 |    19 |       |       |       |       |       ||    29
       Bite              |     7 |     6 |    69 |   171 |   324 |   121 |    73 ||   771
       Dagger            |       |     9 |   229 |    52 |       |       |       ||   290
       Punch             |       |       |     2 |    12 |    13 |       |       ||    27
       Short sword       |       |       |       |   342 |   670 |   218 |    29 ||  1259
       Shillelagh        |       |       |       |       |       |    12 |   150 ||   162
Throw: Boomerang         |       |       |    14 |     1 |    11 |     6 |    13 ||    45
       Dart              |       |       |       |     6 |       |     1 |       ||     7
 Cast: Magic Dart        |    60 |    76 |    82 |   111 |    18 |    59 |       ||   406
       Searing Ray       |     2 |     9 |    35 |    25 |    10 |     6 |     3 ||    90
       Iskenderun's Myst |       |       |     1 |    52 |    74 |    38 |    43 ||   208
       Irradiate         |       |       |       |     5 |    24 |    12 |    16 ||    57
       Olgreb's Toxic Ra |       |       |       |     2 |    45 |    16 |       ||    63
       Freezing Cloud    |       |       |       |       |       |    51 |       ||    51
Invok: Slouch            |       |       |       |       |     5 |     9 |     2 ||    16
Evoke: Wand              |       |       |     1 |     1 |       |     1 |     1 ||     4
       Box of beasts     |       |       |       |       |       |     2 |     1 ||     3
  Use: Potion            |       |     1 |       |       |     2 |     3 |     2 ||     8
       Scroll            |       |       |     7 |    13 |     9 |     1 |    10 ||    40
 Stab: Sleeping          |       |       |     3 |    11 |    11 |     3 |     2 ||    30
       Distracted        |       |       |       |       |     3 |     1 |     1 ||     5
Armor: Robe              |     2 |     4 |    43 |    14 |       |       |       ||    63
       Troll leather arm |       |       |       |    49 |   149 |    62 |    94 ||   354
       Gold dragon scale |       |       |       |       |       |       |     5 ||     5
Dodge: Dodged            |    12 |    62 |   241 |   448 |   677 |   179 |   180 ||  1799
Block: Kite shield       |       |       |       |       |   212 |   102 |       ||   314
       Tower shield      |       |       |       |       |       |   167 |   323 ||   490
       Buckler           |       |       |       |       |       |       |    56 ||    56

Table legend: (Time is in decaauts)
 A = Elapsed time spent in this place.
 B = Non-inter-level travel time spent in this place.
 C = Inter-level travel time spent in this place.
 D = Time resting spent in this place.
 E = Time spent auto-exploring this place.
 F = Levels seen in this place.
 G = Mean time per level.
                   A        B        C        D        E       F      G
               +--------+--------+--------+--------+--------+-----+--------+
         Total |  43759 |  40716 |   3043 |   4340 |  28808 |  31 | 1411.6 |
       Dungeon |  21704 |  19736 |   1968 |   1150 |  15497 |  15 | 1446.9 |
        Temple |    127 |     99 |     28 |      0 |     85 |   1 |  127.0 |
          Lair |   7639 |   7275 |    364 |    194 |   5667 |   5 | 1527.8 |
        Shoals |     69 |     69 |      0 |      0 |     24 |   1 |   69.0 |
     Snake Pit |   9389 |   9030 |    359 |   2486 |   4874 |   4 | 2347.2 |
  Orcish Mines |   1963 |   1642 |    321 |     14 |   1250 |   2 |  981.5 |
         Sewer |    652 |    652 |      0 |      0 |    528 |   1 |  652.0 |
       Ossuary |    562 |    562 |      0 |      0 |    443 |   1 |  562.0 |
      Ice Cave |   1652 |   1652 |      0 |    496 |    438 |   1 | 1652.0 |
               +--------+--------+--------+--------+--------+-----+--------+

Top non-repeatable levels by time:
 Snake:2: 4906 daAuts
 Snake:1: 2478 daAuts
    D:15: 2294 daAuts
     D:9: 2118 daAuts
  Lair:5: 1832 daAuts
    D:12: 1807 daAuts
    D:13: 1797 daAuts
  Lair:3: 1716 daAuts
  Lair:4: 1705 daAuts
    D:11: 1673 daAuts
   IceCv: 1652 daAuts
   Orc:2: 1628 daAuts
 Snake:3: 1577 daAuts
  Lair:1: 1480 daAuts
    D:10: 1387 daAuts
